Lightning vs Senators

Created - October 28, 2015 at 18:03

Goals
1 2 3 OT1 SO T
Lightning 2 0 1 0 1 3
Senators 1 2 0 0 2 4
Shots
1 2 3 OT1 SO T
Lightning 13 9 3 3 4 28
Senators 11 16 12 3 4 42

1st period

1. Lightning , Eric Fehr 4 (Kyle Okposo, Erik Gudbranson) at 0:53
2. Senators , Pavel Datsyuk 5 (Mike Hoffman) at 14:32
3. Lightning , Troy Brouwer 2 (Curtis Glencross, Andrej Meszaros) at 16:44

Penalties :
Maxime Talbot (TBL) for Holding Stick (Minor) at 11:47, Andrej Meszaros (TBL) for Holding (Minor) at 19:58

2nd period

4. Senators , Pavel Datsyuk 6 (Duncan Keith, Sidney Crosby) at 0:58 (PP)
5. Senators , Mike Hoffman 5 (Jason Garrison, Mika Zibanejad) at 6:08

Penalties :
Erik Gudbranson (TBL) for Attempt to injure (Major / Game Misconduct) at 14:49

3rd period

6. Lightning , Henrik Sedin 5 (John Gaudreau, Radim Vrbata) at 16:57

Penalties :
Eric Fehr (TBL) for High sticking (Minor) at 1:01, Jan Hejda (OTT) for Holding Stick (Minor) at 10:31

Overtime #1

No Goal

Penalties :
No Penalty

Shootout

Penalty Shot by Henrik Sedin for Lightning - Stopped by Andrew Hammond
Penalty Shot by Sidney Crosby for Senators - Stopped by Alex Stalock
Penalty Shot by Radim Vrbata for Lightning - Goal!
Penalty Shot by Mark Stone for Senators - Goal!
Penalty Shot by John Gaudreau for Lightning - Stopped by Andrew Hammond
Penalty Shot by Pavel Datsyuk for Senators - Stopped by Alex Stalock
Penalty Shot by Eric Fehr for Lightning - Shot Misses the Net
Penalty Shot by Mike Hoffman for Senators - Goal!

Penalties :
No Penalty

Goalie Stats

Alex Stalock (TBL), 39 saves from 42 shots - (0.929), OTL, 1-0-1, 65:00 minutes
Andrew Hammond (OTT), 25 saves from 28 shots - (0.893), W, 8-0-1, 65:00 minutes

Players Stats for Lightning

Player Name              G  A  P  +/- PIM S  H  SB GA TA FO     MP     PP MP  PK MP  
------------------------------------------------------------------------------------
Andrej Meszaros          0  1  1   1  2   0  2  2  0  0  0/0    24:55   0:34   4:22 
Andrej Sekera            0  0  0   1  0   0  0  2  0  0  0/0     2:40   0:00   0:00 
Brad Hunt                0  0  0   0  0   1  1  0  0  0  0/0    23:48   0:42   3:30 
Christian Ehrhoff        0  0  0  -1  0   1  0  1  0  0  0/0    29:48   1:17   4:53 
Curtis Glencross         0  1  1   2  0   1  0  0  0  0  0/1    12:30   0:00   0:38 
Eric Fehr                1  0  1   1  2   1  0  0  0  0  1/2    19:40   1:17   2:50 
Erik Gudbranson          0  1  1   1  15  0  2  2  0  0  0/0    13:14   0:00   1:19 
Hampus Lindholm          0  0  0  -1  0   1  1  0  0  0  0/0    30:48   0:42   5:08 
Henrik Sedin             1  0  1  -1  0   3  2  0  0  0  22/40  26:38   0:43   5:58 
John Gaudreau            0  1  1  -1  0   3  0  0  0  0  1/2    19:46   0:42   3:41 
Kyle Okposo              0  1  1   1  0   2  0  0  0  0  3/4    16:51   1:17   0:00 
Maxime Talbot            0  0  0   0  2   1  0  0  0  0  6/9     6:32   0:00   0:20 
Nick Spaling             0  0  0   1  0   0  0  0  0  0  4/9    11:23   0:00   0:18 
Radim Vrbata             0  1  1  -1  0   6  1  1  0  0  0/2    23:53   0:42   5:36 
Teddy Purcell            0  0  0   0  0   2  0  0  0  0  0/0     6:02   0:00   0:00 
Tobias Rieder            0  0  0   0  0   0  0  0  0  0  0/0     6:02   0:00   0:00 
Travis Zajac             0  0  0   1  0   2  0  0  0  0  10/18  20:54   1:17   1:15 
Troy Brouwer             1  0  1   1  0   4  2  0  0  0  2/2    14:35   0:42   0:00 

Players Stats for Senators

Player Name              G  A  P  +/- PIM S  H  SB GA TA FO     MP     PP MP  PK MP  
------------------------------------------------------------------------------------
Chris Phillips           0  0  0  -1  0   0  0  0  0  0  0/0    10:45   0:00   0:49 
Duncan Keith             0  1  1   0  0   0  1  2  0  0  0/0    26:05   5:22   0:51 
Jan Hejda                0  0  0   0  2   0  4  1  0  0  0/0    19:14   0:00   0:00 
Jared Cowen              0  0  0  -1  0   0  4  0  0  0  0/0    15:11   0:00   1:14 
Jason Garrison           0  1  1   0  0   0  0  6  0  0  0/0    23:12   4:35   0:00 
Marc Staal               0  0  0   0  0   3  1  1  0  0  0/0    26:56   5:22   1:04 
Mark Stone               0  0  0   0  0   4  0  0  0  0  1/3    21:45   4:01   0:00 
Marko Dano               0  0  0  -1  0   8  3  0  0  0  11/27  18:41   0:34   0:53 
Matt Read                0  0  0   0  0   0  0  0  0  0  0/0     6:18   0:00   1:06 
Mika Zibanejad           0  1  1   0  0   2  2  0  0  0  0/1    20:33   4:35   0:00 
Mike Hoffman             1  1  2   0  0   4  0  0  0  0  11/28  20:33   4:35   0:00 
Milan Michalek           0  0  0  -1  0   2  0  0  0  0  0/0    12:02   0:00   0:00 
Pascal Dupuis            0  0  0   0  0   0  3  0  0  0  0/1    23:06   5:22   0:00 
Pavel Datsyuk            2  0  2   0  0   8  1  0  0  0  2/4    23:28   5:22   0:00 
Sergei Gonchar           0  0  0   0  0   0  0  0  0  0  0/0     8:36   4:35   0:00 
Sidney Crosby            0  1  1   0  0   7  1  0  0  0  14/24  23:06   5:22   0:00 
Steve Bernier            0  0  0  -1  0   4  2  0  0  0  0/0    12:11   0:00   0:53 
Travis Moen              0  0  0   0  0   0  3  0  0  0  1/1     6:18   0:00   1:06 

3 Stars

1 - Pavel Datsyuk (OTT)
2 - Troy Brouwer (TBL)
3 - Mike Hoffman (OTT)

Power Play

Lightning - 0 on 1 Attempt(s) - 0.00%
Senators - 1 on 4 Attempt(s) - 25.00%

Penalty Kill

Lightning - 3 on 4 Attempt(s) - 75.00% - Score 0 goal in Penalty Kill
Senators - 1 on 1 Attempt(s) - 100.00% - Score 0 goal in Penalty Kill

Team Stat

Lightning - Hits : 11 - Faceoff Wins : 49 - Blocked Shots : 8 - Penalty Minutes : 21
Senators - Hits : 25 - Faceoff Wins : 40 - Blocked Shots : 10 - Penalty Minutes : 2

Official

Referees : Mike Leggo and Darcy Burchell
Linesman : Brian Mach and David Brisebois

Game Notes

Andrej Sekera is injured at 7:27 of 1st period (Torso)
Erik Gudbranson ejected from game at 14:49 of 2nd period

Finance

Level 1 -- Attendance: 5658 (87.05%) -- Ticket Income $565,800
Level 2 -- Attendance: 4830 (96.60%) -- Ticket Income $289,800
Level 3 -- Attendance: 3500 (100.00%) -- Ticket Income $122,500
Level 4 -- Attendance: 2788 (88.42%) -- Ticket Income $83,640
Luxury Box -- Attendance: 772 (77.20%) -- Ticket Income $193,000
Game was played at the Canadian Tire Centre.
Total Attendance: 17548 (91.62%)
Total Ticket Income: $1,254,740
Other Income: $188,211
Total Income: $1,442,951

% Time on Ice - Lightning

Lines # - Real PCT - Wanted PCT - Time Play
Normal Forward
1 - 32% - 40% - 15:23
2 - 32% - 30% - 15:34
3 - 23% - 20% - 11:05
4 - 13% - 10% - 6:02
Normal Defense
1 - 27% - 40% - 13:05
2 - 48% - 30% - 23:18
3 - 17% - 20% - 7:57
4 - 8% - 10% - 3:44
PP Forward
1 - 35% - 60% - 0:42
2 - 65% - 40% - 1:17
PP Defense
1 - 35% - 60% - 0:42
2 - 65% - 40% - 1:17
PK Forward
1 - 63% - 60% - 6:16
2 - 37% - 40% - 3:41
PK Defense
1 - 21% - 60% - 2:06
2 - 79% - 40% - 7:51
PK3 Forward
1 - 0% - 60%
2 - 0% - 40%
PK3 Defense
1 - 0% - 60%
2 - 0% - 40%
44 Forward
1 - 44% - 60% - 2:12
2 - 56% - 40% - 2:48
44 Defense
1 - 67% - 60% - 3:22
2 - 33% - 40% - 1:38
Last Minute Offensive  - 0:00
Last Minute Defensive  - 0:00
Total
Forward - 65:00
Defense - 65:00

% Time on Ice - Senators

Lines # - Real PCT - Wanted PCT - Time Play
Normal Forward
1 - 37% - 36% - 17:44
2 - 33% - 34% - 15:58
3 - 19% - 20% - 9:10
4 - 11% - 10% - 5:12
Normal Defense
1 - 37% - 36% - 17:41
2 - 34% - 34% - 16:26
3 - 21% - 20% - 9:56
4 - 8% - 10% - 4:01
PP Forward
1 - 46% - 50% - 4:35
2 - 54% - 50% - 5:22
PP Defense
1 - 46% - 50% - 4:35
2 - 54% - 50% - 5:22
PK Forward
1 - 55% - 50% - 1:06
2 - 45% - 50% - 0:53
PK Defense
1 - 57% - 50% - 1:08
2 - 43% - 50% - 0:51
PK3 Forward
1 - 0% - 50%
2 - 0% - 50%
PK3 Defense
1 - 0% - 50%
2 - 0% - 50%
44 Forward
1 - 57% - 52% - 2:52
2 - 43% - 48% - 2:08
44 Defense
1 - 56% - 52% - 2:49
2 - 44% - 48% - 2:11
Last Minute Offensive  - 0:00
Last Minute Defensive  - 0:00
Total
Forward - 65:00
Defense - 65:00

Play by Play

1st period


0:01 of 1st period - Sidney Crosby wins face-off versus Henrik Sedin in neutral zone.
0:27 of 1st period - Shot by John Gaudreau.
0:27 of 1st period - Stopped by Andrew Hammond without a rebound.
0:28 of 1st period - Travis Zajac wins face-off versus Mike Hoffman in Senators zone.
0:28 of 1st period - Kyle Okposo is hit by Jan Hejda and loses puck.
0:32 of 1st period - Eric Fehr is hit by Jan Hejda and loses puck.
0:53 of 1st period - Shot by Eric Fehr.
0:53 of 1st period - Goal by Eric Fehr - Lightning : 1 - Senators : 0.
0:54 of 1st period - Troy Brouwer wins face-off versus Marko Dano in neutral zone.
0:59 of 1st period - Shot by Nick Spaling.
0:59 of 1st period - Shot Misses the Net.
1:04 of 1st period - Icing by Jared Cowen.
1:05 of 1st period - Marko Dano wins face-off versus Maxime Talbot in Senators zone.
1:12 of 1st period - Shot by Milan Michalek.
1:12 of 1st period - Shot Misses the Net.
1:30 of 1st period - Shot by Steve Bernier.
1:30 of 1st period - Stopped by Alex Stalock without a rebound.
1:31 of 1st period - Henrik Sedin wins face-off versus Mike Hoffman in Lightning zone.
1:38 of 1st period - Shot by John Gaudreau.
1:38 of 1st period - Shot Misses the Net.
1:50 of 1st period - Shot by Radim Vrbata.
1:50 of 1st period - Shot Blocked by Jason Garrison.
1:52 of 1st period - Shot by Radim Vrbata.
1:52 of 1st period - Stopped by Andrew Hammond without a rebound.
1:53 of 1st period - Sidney Crosby wins face-off versus Nick Spaling in Senators zone.
2:10 of 1st period - Shot by Pascal Dupuis.
2:10 of 1st period - Shot Misses the Net.
2:12 of 1st period - Shot by Mark Stone.
2:12 of 1st period - Stopped by Alex Stalock without a rebound.
2:13 of 1st period - Marko Dano wins face-off versus Travis Zajac in Lightning zone.
2:20 of 1st period - Shot by Marko Dano.
2:20 of 1st period - Stopped by Alex Stalock with a rebound.
2:40 of 1st period - Travis Zajac is hit by Jared Cowen and loses puck.
2:50 of 1st period - Kyle Okposo is hit by Jared Cowen and loses puck.
2:54 of 1st period - Travis Zajac is hit by Jared Cowen and loses puck.
3:20 of 1st period - Off-side.
3:21 of 1st period - Henrik Sedin wins face-off versus Mike Hoffman in neutral zone.
3:34 of 1st period - Shot by Henrik Sedin.
3:34 of 1st period - Deflect By Radim Vrbata.
3:34 of 1st period - Shot Blocked by Jan Hejda.
3:36 of 1st period - Shot by Radim Vrbata.
3:36 of 1st period - Shot Blocked by Jason Garrison.
4:27 of 1st period - Icing by Andrej Meszaros.
4:28 of 1st period - Sidney Crosby wins face-off versus Nick Spaling in Lightning zone.
4:40 of 1st period - Mark Stone is hit by Andrej Meszaros and loses puck.
5:10 of 1st period - Off-side.
5:11 of 1st period - Henrik Sedin wins face-off versus Marko Dano in neutral zone.
5:17 of 1st period - Icing by Marko Dano.
5:18 of 1st period - Marko Dano wins face-off versus John Gaudreau in Senators zone.
5:55 of 1st period - Icing by Hampus Lindholm.
5:56 of 1st period - Sidney Crosby wins face-off versus Henrik Sedin in Lightning zone.
6:05 of 1st period - Duncan Keith is hit by Henrik Sedin and loses puck.
6:39 of 1st period - Shot by Mark Stone.
6:39 of 1st period - Shot Blocked by Erik Gudbranson.
7:23 of 1st period - Shot by Mike Hoffman.
7:23 of 1st period - Shot Misses the Net.
7:25 of 1st period - Shot by Mika Zibanejad.
7:25 of 1st period - Shot Blocked by Andrej Sekera.
7:27 of 1st period - Shot by Mike Hoffman.
7:27 of 1st period - Shot Blocked by Andrej Sekera.
7:27 of 1st period - Andrej Sekera from Lightning is injured at 7:27 of 1st period (Torso).
7:28 of 1st period - Maxime Talbot wins face-off versus Marko Dano in Lightning zone.
7:48 of 1st period - Tobias Rieder is hit by Jared Cowen and loses puck.
8:03 of 1st period - Shot by Teddy Purcell.
8:03 of 1st period - Stopped by Andrew Hammond without a rebound.
8:04 of 1st period - Mike Hoffman wins face-off versus Henrik Sedin in Senators zone.
9:23 of 1st period - Shot by Curtis Glencross.
9:23 of 1st period - Shot Misses the Net.
9:25 of 1st period - Shot by Troy Brouwer.
9:25 of 1st period - Stopped by Andrew Hammond without a rebound.
9:26 of 1st period - Mark Stone wins face-off versus Travis Zajac in Senators zone.
9:33 of 1st period - Shot by Eric Fehr.
9:33 of 1st period - Deflect By Kyle Okposo.
9:33 of 1st period - Shot Misses the Net.
9:47 of 1st period - Shot by Travis Zajac.
9:47 of 1st period - Shot Blocked by Marc Staal.
10:03 of 1st period - Shot by Kyle Okposo.
10:03 of 1st period - Shot Blocked by Duncan Keith.
10:20 of 1st period - Icing by Troy Brouwer.
10:21 of 1st period - Nick Spaling wins face-off versus Mike Hoffman in Lightning zone.
10:34 of 1st period - Shot by Troy Brouwer.
10:34 of 1st period - Stopped by Andrew Hammond without a rebound.
10:35 of 1st period - Marko Dano wins face-off versus Henrik Sedin in Senators zone.
10:44 of 1st period - Shot by Marko Dano.
10:44 of 1st period - Stopped by Alex Stalock with a rebound.
11:47 of 1st period - Minor Penalty to Maxime Talbot for Holding Stick.
11:48 of 1st period - Henrik Sedin wins face-off versus Pavel Datsyuk in Lightning zone.
12:05 of 1st period - Shot by Pavel Datsyuk.
12:05 of 1st period - Stopped by Alex Stalock without a rebound.
12:06 of 1st period - Henrik Sedin wins face-off versus Mike Hoffman in Lightning zone.
12:33 of 1st period - Shot by Mika Zibanejad.
12:33 of 1st period - Shot Misses the Net.
12:35 of 1st period - Shot by Jason Garrison.
12:35 of 1st period - Shot Misses the Net.
13:02 of 1st period - Off-side.
13:03 of 1st period - Sidney Crosby wins face-off versus Eric Fehr in neutral zone.
13:17 of 1st period - Shot by Henrik Sedin.
13:17 of 1st period - Stopped by Andrew Hammond without a rebound.
13:18 of 1st period - Eric Fehr wins face-off versus Sidney Crosby in Senators zone.
13:32 of 1st period - Pavel Datsyuk is hit by Andrej Meszaros and loses puck.
13:38 of 1st period - Sidney Crosby is hit by Erik Gudbranson and loses puck.
13:47 of 1st period - Shot by Sidney Crosby.
13:47 of 1st period - Stopped by Alex Stalock without a rebound.
13:48 of 1st period - Marko Dano wins face-off versus Curtis Glencross in Lightning zone.
13:57 of 1st period - Shot by Marko Dano.
13:57 of 1st period - Shot Misses the Net.
14:05 of 1st period - Jan Hejda is hit by Troy Brouwer and loses puck.
14:12 of 1st period - Shot by Hampus Lindholm.
14:12 of 1st period - Stopped by Andrew Hammond without a rebound.
14:13 of 1st period - Mike Hoffman wins face-off versus Henrik Sedin in Senators zone.
14:32 of 1st period - Shot by Mike Hoffman.
14:32 of 1st period - Deflect By Pavel Datsyuk.
14:32 of 1st period - Goal by Pavel Datsyuk - Lightning : 1 - Senators : 1.
14:33 of 1st period - Travis Zajac wins face-off versus Sidney Crosby in neutral zone.
14:54 of 1st period - Shot by Mark Stone.
14:54 of 1st period - Stopped by Alex Stalock without a rebound.
14:55 of 1st period - Mike Hoffman wins face-off versus Henrik Sedin in Lightning zone.
14:55 of 1st period - Pavel Datsyuk is hit by Erik Gudbranson.
16:30 of 1st period - Shot by Kyle Okposo.
16:30 of 1st period - Stopped by Andrew Hammond without a rebound.
16:31 of 1st period - Nick Spaling wins face-off versus Marko Dano in Senators zone.
16:42 of 1st period - Shot by Curtis Glencross.
16:42 of 1st period - Stopped by Andrew Hammond with a rebound.
16:44 of 1st period - Shot by Curtis Glencross.
16:44 of 1st period - Deflect By Troy Brouwer.
16:44 of 1st period - Goal by Troy Brouwer - Lightning : 2 - Senators : 1.
16:45 of 1st period - Marko Dano wins face-off versus Maxime Talbot in neutral zone.
17:11 of 1st period - Shot by Marko Dano.
17:11 of 1st period - Stopped by Alex Stalock without a rebound.
17:12 of 1st period - Sidney Crosby wins face-off versus Henrik Sedin in Lightning zone.
17:33 of 1st period - Shot by Mark Stone.
17:33 of 1st period - Shot Blocked by Radim Vrbata.
17:35 of 1st period - Shot by Pascal Dupuis.
17:35 of 1st period - Shot Misses the Net.
17:47 of 1st period - Shot by Henrik Sedin.
17:47 of 1st period - Shot Blocked by Jason Garrison.
18:39 of 1st period - Shot by Travis Zajac.
18:39 of 1st period - Shot Misses the Net.
19:06 of 1st period - Shot by Troy Brouwer.
19:06 of 1st period - Stopped by Andrew Hammond without a rebound.
19:07 of 1st period - Marko Dano wins face-off versus Maxime Talbot in Senators zone.
19:24 of 1st period - Shot by Marko Dano.
19:24 of 1st period - Deflect By Steve Bernier.
19:24 of 1st period - Stopped by Alex Stalock without a rebound.
19:25 of 1st period - Henrik Sedin wins face-off versus Marko Dano in Lightning zone.
19:25 of 1st period - Henrik Sedin is hit by Marko Dano.
19:28 of 1st period - Christian Ehrhoff is hit by Travis Moen and loses puck.
19:37 of 1st period - Shot by Henrik Sedin.
19:37 of 1st period - Shot Misses the Net.
19:39 of 1st period - Shot by John Gaudreau.
19:39 of 1st period - Stopped by Andrew Hammond without a rebound.
19:40 of 1st period - Sidney Crosby wins face-off versus Travis Zajac in Senators zone.
19:49 of 1st period - Shot by Sidney Crosby.
19:49 of 1st period - Stopped by Alex Stalock without a rebound.
19:50 of 1st period - Mike Hoffman wins face-off versus Henrik Sedin in Lightning zone.
19:58 of 1st period - Minor Penalty to Andrej Meszaros for Holding.
19:59 of 1st period - Mike Hoffman wins face-off versus Henrik Sedin in Lightning zone.
Goals for this period are 2 for Lightning vs 1 for Senators.
Shots for this period are 13 for Lightning vs 11 for Senators.

2nd period


0:01 of 2nd period - Henrik Sedin wins face-off versus Mike Hoffman in neutral zone.
0:10 of 2nd period - Icing by Mika Zibanejad.
0:11 of 2nd period - Mike Hoffman wins face-off versus Henrik Sedin in Senators zone.
0:30 of 2nd period - Shot by Mike Hoffman.
0:30 of 2nd period - Stopped by Alex Stalock without a rebound.
0:31 of 2nd period - Sidney Crosby wins face-off versus Henrik Sedin in Lightning zone.
0:46 of 2nd period - Shot by Sidney Crosby.
0:46 of 2nd period - Stopped by Alex Stalock with a rebound.
0:48 of 2nd period - Shot by Sidney Crosby.
0:48 of 2nd period - Stopped by Alex Stalock with a rebound.
0:58 of 2nd period - Shot by Pavel Datsyuk.
0:58 of 2nd period - Goal by Pavel Datsyuk - Lightning : 2 - Senators : 2.
0:59 of 2nd period - Marko Dano wins face-off versus Nick Spaling in neutral zone.
1:35 of 2nd period - Shot by Troy Brouwer.
1:35 of 2nd period - Shot Blocked by Jason Garrison.
2:01 of 2nd period - Shot by Travis Zajac.
2:01 of 2nd period - Shot Misses the Net.
2:03 of 2nd period - Shot by Christian Ehrhoff.
2:03 of 2nd period - Stopped by Andrew Hammond without a rebound.
2:04 of 2nd period - Henrik Sedin wins face-off versus Pascal Dupuis in Senators zone.
2:19 of 2nd period - Shot by Sidney Crosby.
2:19 of 2nd period - Stopped by Alex Stalock without a rebound.
2:20 of 2nd period - Travis Zajac wins face-off versus Mike Hoffman in Lightning zone.
4:47 of 2nd period - Shot by Steve Bernier.
4:47 of 2nd period - Shot Misses the Net.
4:59 of 2nd period - Shot by Milan Michalek.
4:59 of 2nd period - Deflect By Marko Dano.
4:59 of 2nd period - Stopped by Alex Stalock without a rebound.
5:00 of 2nd period - Maxime Talbot wins face-off versus Mike Hoffman in Lightning zone.
5:26 of 2nd period - Icing by Pavel Datsyuk.
5:27 of 2nd period - Henrik Sedin wins face-off versus Mike Hoffman in Senators zone.
5:36 of 2nd period - Shot by Radim Vrbata.
5:36 of 2nd period - Stopped by Andrew Hammond without a rebound.
5:37 of 2nd period - Travis Zajac wins face-off versus Sidney Crosby in Senators zone.
5:54 of 2nd period - Shot by Travis Zajac.
5:54 of 2nd period - Stopped by Andrew Hammond without a rebound.
5:55 of 2nd period - Henrik Sedin wins face-off versus Mike Hoffman in Senators zone.
6:08 of 2nd period - Shot by Mike Hoffman.
6:08 of 2nd period - Goal by Mike Hoffman - Lightning : 2 - Senators : 3.
6:09 of 2nd period - Sidney Crosby wins face-off versus Kyle Okposo in neutral zone.
7:15 of 2nd period - Icing by Christian Ehrhoff.
7:16 of 2nd period - Travis Zajac wins face-off versus Mike Hoffman in Lightning zone.
7:56 of 2nd period - Shot by Radim Vrbata.
7:56 of 2nd period - Shot Misses the Net.
7:58 of 2nd period - Shot by Radim Vrbata.
7:58 of 2nd period - Stopped by Andrew Hammond without a rebound.
7:59 of 2nd period - Nick Spaling wins face-off versus Marko Dano in Senators zone.
8:00 of 2nd period - Shot by Troy Brouwer.
8:00 of 2nd period - Shot Misses the Net.
8:02 of 2nd period - Shot by Erik Gudbranson.
8:02 of 2nd period - Shot Misses the Net.
8:04 of 2nd period - Shot by Erik Gudbranson.
8:04 of 2nd period - Shot Misses the Net.
8:40 of 2nd period - Shot by Marko Dano.
8:40 of 2nd period - Shot Blocked by Erik Gudbranson.
10:00 of 2nd period - Shot by Tobias Rieder.
10:00 of 2nd period - Deflect By Teddy Purcell.
10:00 of 2nd period - Stopped by Andrew Hammond without a rebound.
10:01 of 2nd period - Mike Hoffman wins face-off versus Travis Zajac in Senators zone.
10:20 of 2nd period - Shot by Pavel Datsyuk.
10:20 of 2nd period - Deflect By Mike Hoffman.
10:20 of 2nd period - Stopped by Alex Stalock with a rebound.
10:28 of 2nd period - Shot by Kyle Okposo.
10:28 of 2nd period - Shot Misses the Net.
10:48 of 2nd period - Shot by Radim Vrbata.
10:48 of 2nd period - Shot Misses the Net.
10:50 of 2nd period - Shot by John Gaudreau.
10:50 of 2nd period - Stopped by Andrew Hammond with a rebound.
10:52 of 2nd period - Shot by Henrik Sedin.
10:52 of 2nd period - Stopped by Andrew Hammond with a rebound.
11:03 of 2nd period - Henrik Sedin is hit by Jan Hejda and loses puck.
11:08 of 2nd period - Shot by Henrik Sedin.
11:08 of 2nd period - Shot Misses the Net.
11:10 of 2nd period - Shot by Radim Vrbata.
11:10 of 2nd period - Stopped by Andrew Hammond without a rebound.
11:11 of 2nd period - Sidney Crosby wins face-off versus Nick Spaling in Senators zone.
12:21 of 2nd period - Erik Gudbranson is hit by Marko Dano and loses puck.
12:58 of 2nd period - Shot by Radim Vrbata.
12:58 of 2nd period - Stopped by Andrew Hammond without a rebound.
12:59 of 2nd period - Travis Zajac wins face-off versus Mike Hoffman in Senators zone.
13:02 of 2nd period - Shot by Travis Zajac.
13:02 of 2nd period - Shot Blocked by Jason Garrison.
13:45 of 2nd period - Brad Hunt is hit by Mika Zibanejad and loses puck.
14:26 of 2nd period - Shot by Sidney Crosby.
14:26 of 2nd period - Stopped by Alex Stalock without a rebound.
14:27 of 2nd period - Maxime Talbot wins face-off versus Marko Dano in Lightning zone.
14:27 of 2nd period - Maxime Talbot is hit by Steve Bernier.
14:49 of 2nd period - Major / Game Misconduct Penalty to Erik Gudbranson for Attempt to injure.
14:49 of 2nd period - Erik Gudbranson is ejected from game.
14:50 of 2nd period - Sidney Crosby wins face-off versus Henrik Sedin in Lightning zone.
14:57 of 2nd period - Shot by Sidney Crosby.
14:57 of 2nd period - Deflect By Pavel Datsyuk.
14:57 of 2nd period - Shot Misses the Net.
14:59 of 2nd period - Shot by Marc Staal.
14:59 of 2nd period - Stopped by Alex Stalock without a rebound.
15:00 of 2nd period - Mike Hoffman wins face-off versus Henrik Sedin in Lightning zone.
15:00 of 2nd period - Jason Garrison is hit by Hampus Lindholm and loses puck.
16:17 of 2nd period - Shot by Sidney Crosby.
16:17 of 2nd period - Deflect By Pavel Datsyuk.
16:17 of 2nd period - Stopped by Alex Stalock with a rebound.
17:08 of 2nd period - Shot by Mike Hoffman.
17:08 of 2nd period - Shot Misses the Net.
17:10 of 2nd period - Shot by Jason Garrison.
17:10 of 2nd period - Shot Misses the Net.
17:14 of 2nd period - Shot by Mark Stone.
17:14 of 2nd period - Stopped by Alex Stalock without a rebound.
17:15 of 2nd period - Sidney Crosby wins face-off versus Henrik Sedin in Lightning zone.
17:40 of 2nd period - Shot by Duncan Keith.
17:40 of 2nd period - Shot Misses the Net.
17:42 of 2nd period - Shot by Marc Staal.
17:42 of 2nd period - Stopped by Alex Stalock without a rebound.
17:43 of 2nd period - Henrik Sedin wins face-off versus Mark Stone in Lightning zone.
18:06 of 2nd period - Shot by Mark Stone.
18:06 of 2nd period - Stopped by Alex Stalock without a rebound.
18:07 of 2nd period - Sidney Crosby wins face-off versus Radim Vrbata in Lightning zone.
18:14 of 2nd period - Shot by Duncan Keith.
18:14 of 2nd period - Deflect By Pavel Datsyuk.
18:14 of 2nd period - Stopped by Alex Stalock without a rebound.
18:15 of 2nd period - Henrik Sedin wins face-off versus Sidney Crosby in Lightning zone.
18:58 of 2nd period - Shot by Mika Zibanejad.
18:58 of 2nd period - Stopped by Alex Stalock without a rebound.
18:59 of 2nd period - Henrik Sedin wins face-off versus Mike Hoffman in Lightning zone.
Goals for this period are 0 for Lightning vs 2 for Senators.
Shots for this period are 9 for Lightning vs 16 for Senators.

3rd period


0:01 of 3rd period - Henrik Sedin wins face-off versus Sidney Crosby in neutral zone.
0:01 of 3rd period - John Gaudreau is hit by Pascal Dupuis and loses puck.
0:14 of 3rd period - Shot by Henrik Sedin.
0:14 of 3rd period - Shot Blocked by Duncan Keith.
0:23 of 3rd period - Henrik Sedin is hit by Duncan Keith and loses puck.
1:01 of 3rd period - Minor Penalty to Eric Fehr for High sticking.
1:02 of 3rd period - Mike Hoffman wins face-off versus Radim Vrbata in Lightning zone.
1:35 of 3rd period - Shot by Marko Dano.
1:35 of 3rd period - Stopped by Alex Stalock without a rebound.
1:36 of 3rd period - John Gaudreau wins face-off versus Sidney Crosby in Lightning zone.
1:44 of 3rd period - Icing by Sidney Crosby.
1:45 of 3rd period - Travis Zajac wins face-off versus Sidney Crosby in Senators zone.
2:25 of 3rd period - John Gaudreau is hit by Pavel Datsyuk and loses puck.
3:22 of 3rd period - Shot by Milan Michalek.
3:22 of 3rd period - Deflect By Marko Dano.
3:22 of 3rd period - Shot Misses the Net.
3:24 of 3rd period - Shot by Milan Michalek.
3:24 of 3rd period - Shot Misses the Net.
3:28 of 3rd period - Shot by Marko Dano.
3:28 of 3rd period - Stopped by Alex Stalock with a rebound.
3:36 of 3rd period - Shot by Marko Dano.
3:36 of 3rd period - Stopped by Alex Stalock with a rebound.
3:38 of 3rd period - Shot by Milan Michalek.
3:38 of 3rd period - Stopped by Alex Stalock without a rebound.
3:39 of 3rd period - Travis Zajac wins face-off versus Marko Dano in Lightning zone.
3:46 of 3rd period - Shot by Eric Fehr.
3:46 of 3rd period - Shot Blocked by Jason Garrison.
3:48 of 3rd period - Shot by Andrej Meszaros.
3:48 of 3rd period - Shot Misses the Net.
3:50 of 3rd period - Shot by Travis Zajac.
3:50 of 3rd period - Shot Misses the Net.
3:52 of 3rd period - Shot by Christian Ehrhoff.
3:52 of 3rd period - Shot Misses the Net.
4:14 of 3rd period - Shot by Matt Read.
4:14 of 3rd period - Shot Misses the Net.
4:40 of 3rd period - Icing by Troy Brouwer.
4:41 of 3rd period - Mike Hoffman wins face-off versus Nick Spaling in Lightning zone.
4:54 of 3rd period - Mika Zibanejad is hit by Brad Hunt and loses puck.
5:02 of 3rd period - Mika Zibanejad is hit by Henrik Sedin and loses puck.
5:19 of 3rd period - Shot by Mike Hoffman.
5:19 of 3rd period - Stopped by Alex Stalock with a rebound.
5:39 of 3rd period - Off-side.
5:40 of 3rd period - Sidney Crosby wins face-off versus Travis Zajac in neutral zone.
5:49 of 3rd period - Shot by Pascal Dupuis.
5:49 of 3rd period - Shot Misses the Net.
5:59 of 3rd period - Shot by Sidney Crosby.
5:59 of 3rd period - Stopped by Alex Stalock with a rebound.
6:21 of 3rd period - Shot by Kyle Okposo.
6:21 of 3rd period - Stopped by Andrew Hammond without a rebound.
6:22 of 3rd period - Maxime Talbot wins face-off versus Mike Hoffman in Senators zone.
6:34 of 3rd period - Shot by Mika Zibanejad.
6:34 of 3rd period - Stopped by Alex Stalock without a rebound.
6:35 of 3rd period - Henrik Sedin wins face-off versus Marko Dano in Lightning zone.
6:35 of 3rd period - Henrik Sedin is hit by Steve Bernier.
6:38 of 3rd period - Icing by Radim Vrbata.
6:39 of 3rd period - Mike Hoffman wins face-off versus Henrik Sedin in Lightning zone.
7:00 of 3rd period - Shot by Pavel Datsyuk.
7:00 of 3rd period - Stopped by Alex Stalock without a rebound.
7:01 of 3rd period - Travis Zajac wins face-off versus Mark Stone in Lightning zone.
7:01 of 3rd period - Travis Zajac is hit by Pascal Dupuis.
7:54 of 3rd period - Icing by Travis Zajac.
7:55 of 3rd period - Kyle Okposo wins face-off versus Mike Hoffman in Lightning zone.
8:19 of 3rd period - Shot by Pavel Datsyuk.
8:19 of 3rd period - Shot Misses the Net.
8:25 of 3rd period - Mika Zibanejad is hit by Radim Vrbata.
8:57 of 3rd period - Shot by Steve Bernier.
8:57 of 3rd period - Stopped by Alex Stalock without a rebound.
8:58 of 3rd period - Nick Spaling wins face-off versus Sidney Crosby in Lightning zone.
10:08 of 3rd period - Shot by Steve Bernier.
10:08 of 3rd period - Shot Misses the Net.
10:10 of 3rd period - Shot by Chris Phillips.
10:10 of 3rd period - Shot Blocked by Andrej Meszaros.
10:12 of 3rd period - Shot by Chris Phillips.
10:12 of 3rd period - Shot Blocked by Christian Ehrhoff.
10:14 of 3rd period - Shot by Marko Dano.
10:14 of 3rd period - Shot Misses the Net.
10:16 of 3rd period - Shot by Steve Bernier.
10:16 of 3rd period - Stopped by Alex Stalock without a rebound.
10:17 of 3rd period - Henrik Sedin wins face-off versus Mika Zibanejad in Lightning zone.
10:25 of 3rd period - John Gaudreau is hit by Jan Hejda and loses puck.
10:31 of 3rd period - Minor Penalty to Jan Hejda for Holding Stick.
10:32 of 3rd period - Travis Moen wins face-off versus Travis Zajac in Senators zone.
11:35 of 3rd period - Icing by Radim Vrbata.
11:36 of 3rd period - Troy Brouwer wins face-off versus Marko Dano in Lightning zone.
11:36 of 3rd period - Troy Brouwer is hit by Marko Dano.
11:56 of 3rd period - Shot by Marko Dano.
11:56 of 3rd period - Stopped by Alex Stalock without a rebound.
11:57 of 3rd period - Kyle Okposo wins face-off versus Marko Dano in Lightning zone.
12:38 of 3rd period - Maxime Talbot is hit by Mika Zibanejad and loses puck.
12:42 of 3rd period - Icing by Hampus Lindholm.
12:43 of 3rd period - Maxime Talbot wins face-off versus Sidney Crosby in Lightning zone.
12:43 of 3rd period - Maxime Talbot is hit by Sidney Crosby.
12:55 of 3rd period - Shot by Teddy Purcell.
12:55 of 3rd period - Shot Misses the Net.
13:03 of 3rd period - Shot by Maxime Talbot.
13:03 of 3rd period - Stopped by Andrew Hammond without a rebound.
13:04 of 3rd period - Henrik Sedin wins face-off versus Mike Hoffman in Senators zone.
14:32 of 3rd period - Curtis Glencross is hit by Pascal Dupuis and loses puck.
15:07 of 3rd period - Icing by Jan Hejda.
15:08 of 3rd period - Maxime Talbot wins face-off versus Marko Dano in Senators zone.
15:19 of 3rd period - Shot by Milan Michalek.
15:19 of 3rd period - Stopped by Alex Stalock without a rebound.
15:20 of 3rd period - Kyle Okposo wins face-off versus Marko Dano in Lightning zone.
15:20 of 3rd period - Kyle Okposo is hit by Travis Moen.
15:50 of 3rd period - Hampus Lindholm is hit by Travis Moen and loses puck.
16:29 of 3rd period - Troy Brouwer is hit by Marc Staal and loses puck.
16:37 of 3rd period - Icing by Marc Staal.
16:38 of 3rd period - Henrik Sedin wins face-off versus Mike Hoffman in Senators zone.
16:57 of 3rd period - Shot by Henrik Sedin.
16:57 of 3rd period - Goal by Henrik Sedin - Lightning : 3 - Senators : 3.
16:58 of 3rd period - Travis Zajac wins face-off versus Sidney Crosby in neutral zone.
17:46 of 3rd period - Off-side.
17:47 of 3rd period - Pavel Datsyuk wins face-off versus Henrik Sedin in neutral zone.
18:24 of 3rd period - Shot by Mike Hoffman.
18:24 of 3rd period - Shot Misses the Net.
18:55 of 3rd period - Milan Michalek is hit by Troy Brouwer.
19:51 of 3rd period - Shot by Mark Stone.
19:51 of 3rd period - Shot Misses the Net.
19:55 of 3rd period - Shot by Sidney Crosby.
19:55 of 3rd period - Shot Misses the Net.
Goals for this period are 1 for Lightning vs 0 for Senators.
Shots for this period are 3 for Lightning vs 12 for Senators.

Overtime #1


0:01 of 1st overtime period - Henrik Sedin wins face-off versus Marko Dano in neutral zone.
1:03 of 1st overtime period - Shot by Pavel Datsyuk.
1:03 of 1st overtime period - Deflect By Steve Bernier.
1:03 of 1st overtime period - Shot Blocked by Andrej Meszaros.
1:19 of 1st overtime period - Shot by Troy Brouwer.
1:19 of 1st overtime period - Shot Misses the Net.
1:21 of 1st overtime period - Shot by Brad Hunt.
1:21 of 1st overtime period - Stopped by Andrew Hammond without a rebound.
1:22 of 1st overtime period - Marko Dano wins face-off versus Henrik Sedin in Senators zone.
1:33 of 1st overtime period - Shot by Radim Vrbata.
1:33 of 1st overtime period - Stopped by Andrew Hammond without a rebound.
1:34 of 1st overtime period - Henrik Sedin wins face-off versus Pavel Datsyuk in Senators zone.
1:50 of 1st overtime period - Off-side.
1:51 of 1st overtime period - Marko Dano wins face-off versus Travis Zajac in neutral zone.
2:16 of 1st overtime period - Shot by Marc Staal.
2:16 of 1st overtime period - Stopped by Alex Stalock with a rebound.
2:32 of 1st overtime period - Shot by Troy Brouwer.
2:32 of 1st overtime period - Deflect By Travis Zajac.
2:32 of 1st overtime period - Stopped by Andrew Hammond with a rebound.
3:32 of 1st overtime period - Icing by Christian Ehrhoff.
3:33 of 1st overtime period - Marko Dano wins face-off versus Travis Zajac in Lightning zone.
4:22 of 1st overtime period - Shot by Pavel Datsyuk.
4:22 of 1st overtime period - Stopped by Alex Stalock without a rebound.
4:23 of 1st overtime period - Pavel Datsyuk wins face-off versus Henrik Sedin in Lightning zone.
4:34 of 1st overtime period - Shot by Pavel Datsyuk.
4:34 of 1st overtime period - Stopped by Alex Stalock without a rebound.
4:35 of 1st overtime period - Henrik Sedin wins face-off versus Marko Dano in Lightning zone.
4:37 of 1st overtime period - Icing by Brad Hunt.
4:38 of 1st overtime period - Henrik Sedin wins face-off versus Marko Dano in Lightning zone.
Goals for this period are 0 for Lightning vs 0 for Senators.
Shots for this period are 3 for Lightning vs 3 for Senators.

ShootOut


5:00 of 1st overtime period - Penalty Shot by Henrik Sedin for Lightning.
5:00 of 1st overtime period - Stopped by Andrew Hammond.
5:00 of 1st overtime period - Penalty Shot by Sidney Crosby for Senators.
5:00 of 1st overtime period - Stopped by Alex Stalock.
5:00 of 1st overtime period - Penalty Shot by Radim Vrbata for Lightning.
5:00 of 1st overtime period - Goal by Radim Vrbata.
5:00 of 1st overtime period - Penalty Shot by Mark Stone for Senators.
5:00 of 1st overtime period - Goal by Mark Stone.
5:00 of 1st overtime period - Penalty Shot by John Gaudreau for Lightning.
5:00 of 1st overtime period - Stopped by Andrew Hammond.
5:00 of 1st overtime period - Penalty Shot by Pavel Datsyuk for Senators.
5:00 of 1st overtime period - Stopped by Alex Stalock.
5:00 of 1st overtime period - Penalty Shot by Eric Fehr for Lightning.
5:00 of 1st overtime period - Shot Misses the Net.
5:00 of 1st overtime period - Penalty Shot by Mike Hoffman for Senators.
5:00 of 1st overtime period - Goal by Mike Hoffman.